Map: Data-C

Players

Luludoobee - Winner!

  • Race: Terran Terran
  • League: Gold
  • Spawn Location: 9:00

BoneSaw

  • Race: Protoss Protoss
  • League: Platinum
  • Spawn Location: 3:00

VOD

Have the link to the VOD?

Description

Time

  • Played on: Dec. 21, 2022, 2:45 p.m.
  • Length: 4:32
Show
View Real Time Build Order
Export as new Build Order

Luludoobee Terran - Winner!

Build Orders:  

Get SALT Encoding   

  12  0:02  SCV  
  13  0:14  SCV  
  13  0:18  Supply Depot  
  14  0:28  SCV  
  16  0:50  Refinery  
  16  0:56  Barracks  
  15  0:59  Barracks  
  15  1:08  Supply Depot  
  15  1:11  SCV  
  16  1:24  SCV  
  16  1:25  Refinery  
  17  1:38  SCV  
  18  1:43  Barracks Reactor  
  18  1:55  Barracks Reactor  
  18  2:03  SCV  
  18  2:08  Engineering Bay  
  19  2:15  SCV  
  20  2:19  Reaper  
  20  2:20  Reaper  
  22  2:28  Supply Depot  
  22  2:31  SCV  
  22  2:33  Reaper  
  24  2:37  Reaper  
  25  2:52  Reaper x2  
  27  3:08  Reaper  
  28  3:30  Reaper x3  
  31  3:45  Reaper  
  31  4:01  Marine  
  31  4:02  Marine x2  
Show
View Real Time Build Order
Export as new Build Order

BoneSaw Protoss 

Build Orders:  

Get SALT Encoding   

  12  0:01  Probe (Chrono Boost)  
  13  0:11  Probe (Chrono Boost)  
  14  0:17  Pylon  
  14  0:21  Probe  
  15  0:36  Gateway  
  15  0:38  Probe  
  16  0:46  Assimilator  
  16  0:51  Probe  
  17  0:59  Pylon  
  17  1:12  Probe  
  17  1:13  Gateway  
  18  1:20  Assimilator  
  18  1:31  Cybernetics Core  
  18  1:33  Probe  
  19  1:45  Probe (Chrono Boost)  
  20  1:55  Probe (Chrono Boost)  
  20  1:58  Gateway  
  20  2:00  Probe (Chrono Boost)  
  21  2:07  Warp Gate (Chrono Boost)  
  22  2:08  Stalker  
  24  2:15  Stalker  
  24  2:22  Probe  
  27  2:37  Pylon  
  27  2:39  Twilight Council  
  27  2:44  Probe  
  28  2:59  Robotics Facility  
  28  3:00  Stalker  
  30  3:16  Stalker  
  30  3:24  Forge  
  29  3:34  Stalker  
  31  3:46  Stalker  
  26  4:07  Photon Cannon  
Tags
 
Matchup
PvT
Spawn Locations
Cross Positions
Add a new tag
Caveats
  • Supply blocks, unpowered buildings, or Contaminate may cause inaccurate times.
  • Supply counts are checked every 10 seconds.